 Dungeon Crawl Stone Soup version 0.26.1-11-gd32895ea62 (webtiles) character file.

Game seed: 2056333523122080842

452 Zeld the Sneak (level 7, -1/45 HPs)
             Began as an Octopode Brigand on May 23, 2021.
             Was an Initiate of Fedhas.
             Slain by an ogre
             ... wielding a +0 giant club
              (31 damage)
             ... on level 4 of the Dungeon.
             The game lasted 00:03:33 (4265 turns).

Zeld the Sneak (Octopode Brigand)                   Turns: 4265, Time: 00:03:33

Health: -1/45      AC:  1    Str: 12    XL:     7   Next: 5%
Magic:  16/16      EV: 13    Int: 13    God:    Fedhas [......]
Gold:   184        SH:  0    Dex: 14    Spells: 6/6 levels left

rFire    . . .     SeeInvis .   i - -1 dagger (curse)
rCold    . . .     Faith    .   (no shield)
rNeg     . . .     Spirit   .   (helmet restricted)
rPois    .         Reflect  .   (no amulet)
rElec    .         Harm     .   d - ring of magical power
rCorr    .         Rampage  .   f - ring of attention (curse)
Will     .....                  (no ring)
Stlth    +++.......             (no ring)
HPRegen  0.15/turn              (no ring)
MPRegen  0.15/turn              (no ring)
                                (no ring)
                                (no ring)

@: no status effects
A: almost no armour, stealthy swim, amphibious, 8 rings, constrict 8, camouflage
1, gelatinous body 1
a: Renounce Religion


You were on level 4 of the Dungeon.
You worshipped Fedhas.
Fedhas was noncommittal.
You visited 1 branch of the dungeon, and saw 4 of its levels.

You collected 184 gold pieces.

Inventory:

Hand Weapons
 a - a +2 dagger
 i - a cursed -1 dagger (weapon)
Missiles
 b - 22 poisoned darts (quivered)
 c - 2 curare-tipped darts
Jewellery
 d - a ring of magical power (left tentacle)
 f - a cursed ring of attention (right tentacle)
Scrolls
 e - 2 scrolls of remove curse {unknown}
 k - 2 scrolls of amnesia
 l - 2 scrolls of identify {unknown}
 n - 2 scrolls of teleportation {unknown}
 o - 2 scrolls of enchant weapon {unknown}
 q - a scroll of enchant armour {unknown}
 s - a scroll of fog {unknown}
Potions
 g - 2 potions of curing {unknown}
 h - a potion of haste {unknown}
 j - a potion of brilliance {unknown}
 m - 3 potions of heal wounds {unknown}
 p - a potion of attraction {unknown}
 r - 2 potions of lignification {unknown}


   Skills:
 - Level 2.0 Fighting
 * Level 5.3 Short Blades
 * Level 5.3 Throwing
 - Level 1.0 Dodging
 - Level 5.3 Stealth


You had 6 spell levels left.
You didn't know any spells.
Your spell library was empty.

Dungeon Overview and Level Annotations

Branches:
Dungeon (4/15)
 Temple: D:4-7

Altars:
Cheibriados
Fedhas
Kikubaaqudgha
Ru


Innate Abilities, Weirdness & Mutations

You cannot wear most types of armour.
You are very stealthy in the water. (Stealth+)
You are amphibious.
You can wear up to eight rings at the same time.
You can use your tentacles to constrict eight enemies at once.
Your skin changes colour to match your surroundings (Stealth+).
Your rubbery body absorbs attacks. (AC +1, EV +1)


Message History

You have reached level 7!
Things that are here:
a +0 giant club; an ogre corpse You open the door.
There is an open door here.
An ogre comes into view. It is wielding a +0 giant club.
Found a purple potion.
Found a short sword.
Found a stone staircase leading down.
An ogre is nearby!
Found 14 gold pieces and a war axe.
The ogre shouts!
You hit the ogre but do no damage. You hit the ogre but do no damage.
The ogre hits you with a +0 giant club!
You hit the ogre but do no damage. You hit the ogre.
The ogre is lightly wounded.
The ogre hits you with a +0 giant club!!
Ouch! That really hurt!
You die...
Fedhas appreciates your contribution to the ecosystem.

#......# #......#
+......# . #......#
.. #......# ... ###
#......######...
#...####'##......#
..........#......#...
..........#..@...')..
.......)<.+..O...#..$
#..########..!...# #
...##+### ).>.#
......# ...... .....


You could see an ogre.

Vanquished Creatures
  An ogre (D:4)
  3 orc wizards (D:3)
  An orc priest (D:3)
  Jessica (D:3)
  Natasha (thrice) (D:3)
  2 gnolls (D:2)
  3 adders
  An ooze (D:3)
  A worm (D:3)
  A dart slug (D:3)
  13 orcs
  4 bat zombies (D:3)
  A giant cockroach (D:1)
  10 goblins
  8 hobgoblins
  6 jackals (D:3)
  4 quokkas (D:2)
  5 bats (D:1)
  2 frilled lizards
  8 kobolds
  5 rats
  2 rat zombies (D:3)
85 creatures vanquished.

Vanquished Creatures (others)
  7 plants (D:2)
7 creatures vanquished.

Grand Total: 92 creatures vanquished

Notes
Turn   | Place    | Note
-------+----------+-------------------------------------------
     0 | D:1      | Zeld the Octopode Brigand began the quest for the Orb.
     0 | D:1      | Reached XP level 1. HP: 14/14 MP: 1/1
    49 | D:1      | Reached XP level 2. HP: 3/19 MP: 2/2
   822 | D:2      | Reached XP level 3. HP: 24/24 MP: 3/3
  1761 | D:2      | Reached XP level 4. HP: 26/29 MP: 4/4
  1961 | D:3      | Reached XP level 5. HP: 34/34 MP: 5/5
  1962 | D:3      | Noticed Jessica
  1970 | D:3      | Killed Jessica
  2648 | D:3      | Reached XP level 6. HP: 17/39 MP: 6/6
  2954 | D:3      | Found a snail-covered altar of Cheibriados.
  2957 | D:3      | Found a sacrificial altar of Ru.
  3116 | D:3      | Found a blossoming altar of Fedhas.
  3137 | D:3      | Became a worshipper of Fedhas Madash
  3442 | D:3      | Found an ancient bone altar of Kikubaaqudgha.
  3524 | D:3      | Noticed Natasha
  3532 | D:3      | Killed Natasha
  3790 | D:3      | Noticed Natasha
  3799 | D:3      | Killed Natasha
  3845 | D:3      | Noticed Natasha
  3850 | D:3      | Killed Natasha
  3851 | D:3      | Reached skill level 5 in Short Blades
  3851 | D:3      | Reached skill level 5 in Throwing
  3954 | D:3      | Found a snail-covered altar of Cheibriados.
  3957 | D:3      | Found a sacrificial altar of Ru.
  4078 | D:3      | Found a blossoming altar of Fedhas.
  4231 | D:3      | Found an ancient bone altar of Kikubaaqudgha.
  4252 | D:4      | Reached XP level 7. HP: 45/45 MP: 7/7
  4265 | D:4      | Slain by an ogre

Illustrated notes

Levels and vault maps discovered:
D:1:      ncdulo_wetmaze, layout_rooms
D:2:      wad_woods_tower, layout_basic, kennysheep_cross_bottleneck,
          corexii_leaking_fountain
D:3:      layout_loops_ring, lemuel_round_altar,
          lemuel_zombie_altar_kikubaaqudgha, nicolae_overflow_hidden_temple,
          uniq_jessica, uniq_natasha
D:4:      minmay_evil_eye, layout_gridville, uniq_crazy_yiuf_cottage

Skill      XL: |  1  2  3  4  5  6 |
---------------+-------------------+-----
Short Blades   | 3 4 5 |  5.3
Throwing       | 3 4 5 |  5.3
Fighting       | |  2.0
Dodging        | |  1.0
Stealth        | |  5.3

Action                   |  1- 3 |  4- 6 |  7- 9 || total
-------------------------+-------+-------+-------++-------
Melee: Dagger            |    82 |   147 |     4 ||   233
       Constrict         |    21 |    36 |       ||    57
       Tentacles         |     9 |    41 |       ||    50
  Use: Scroll            |       |     1 |       ||     1
 Stab: Sleeping          |    14 |     8 |       ||    22
       Distracted        |       |     1 |       ||     1
Armor: Skin              |     4 |     5 |       ||     9
Dodge: Dodged            |    60 |    85 |       ||   145
